 Dungeon Crawl Stone Soup version 0.29-a0-251-g80730f7218 (console) character file.

Game seed: 4281329712148708354

150 Gather the Magician (level 5, -3/38 HPs)
             Began as a Mummy Hedge Wizard on Mar 5, 2022.
             Splashed by a jelly's acid (9 damage)
             ... on level 4 of the Dungeon.
             The game lasted 00:16:21 (4476 turns).

Gather the Magician (Mummy Hedge Wizard)            Turns: 4476, Time: 00:16:22

Health: -3/38      AC:  1    Str: 14    XL:     5   Next: 10%
Magic:  7/11       EV: 11    Int: 15    God:
Gold:   62         SH:  0    Dex: 11    Spells: 8/13 levels left

rFire   x . .      SeeInvis .   o - +0 spear
rCold   + + .      Faith    .   (no shield)
rNeg    + + +      Spirit   .   h - +2 leather armour {rC+}
rPois   ∞          Reflect  .   c - +0 hat
rElec   .          Harm     .   (no cloak)
rCorr   .          Rampage  .   (no gloves)
Will    .....                   (no boots)
Stlth   +.........              (no amulet)
HPRegen 0.12/turn               (no ring)
MPRegen 0.12/turn               (no ring)

@: corroded, very slightly contaminated
A: cold resistance 1, negative energy resistance 3, torment resistance 2, heat
vulnerability 1, in touch with death 1, no potions
a: no special abilities


You were on level 4 of the Dungeon.
You visited 1 branch of the dungeon, and saw 4 of its levels.

You collected 62 gold pieces.

Inventory:

Hand Weapons
 a - a +0 dagger
 f - a +0 club
 g - a +0 whip
 o - a +0 spear (weapon)
Missiles
 d - 92 stones (quivered)
Armour
 b - a +0 robe
 c - a +0 hat (worn)
 h - a +2 leather armour of cold resistance (worn)
 i - a +0 tower shield
 q - a +0 ring mail
Magical Staves
 p - a staff of poison
Scrolls
 e - a scroll of teleportation {unknown}
 j - a scroll of enchant weapon {unknown}
 k - a scroll of fog {unknown}
 l - 3 scrolls of identify {unknown}
 m - a scroll of blinking {unknown}
 n - 2 scrolls of acquirement {unknown}


   Skills:
 + Level 2.2 Fighting
 * Level 0.5 Polearms
 - Level 1.0 Armour
 - Level 1.5 Dodging
 - Level 1.5 Stealth
 - Level 4.5 Spellcasting
 - Level 0.7 Conjurations
 - Level 2.7 Summonings
 - Level 0.7 Translocations


You had 8 spell levels left.
You knew the following spells:

 Your Spells              Type           Power      Damage    Failure   Level
a - Magic Dart            Conj           20%        1d4       16%         1
b - Call Imp              Summ           11%        N/A       11%         2
q - Blink                 Tloc           10%        N/A       24%         2

Your spell library contained the following spells:

 Spells                   Type           Power      Damage    Failure   Level
 Slow                     Hex            12%        N/A       22%         1
 Conjure Flame            Conj/Fire      4%         6-21      47%         3
 Mephitic Cloud           Conj/Pois/Air  4%         N/A       50%         3


Dungeon Overview and Level Annotations

Branches:
Dungeon (4/15)
 Temple: D:4-7

Altars:

Annotations:
D:4 Pikel


Innate Abilities, Weirdness & Mutations

You are immune to poison.
Your flesh is cold resistant. (rC+)
You are immune to negative energy. (rN+++)
You are immune to unholy pain and torment.
You are vulnerable to heat. (rF-)
You are in touch with the powers of death.
You do not drink.


Message History

You kill the kobold!
You hit the jelly.
Your hands burn!
The jelly is moderately wounded.
The jelly misses you.
You hit the jelly. The acid corrodes you!
Your hands burn!
The jelly is heavily wounded.
The jelly closely misses you.
Casting: Magic Dart (safe; 16% risk of failure)
Confirm with . or Enter, or press ? or * to list all spells.
A beastly little devil appears in a puff of flame.
The jelly hits you.
You are splashed with acid!
Casting: Call Imp (safe; 11% risk of failure)
Confirm with . or Enter, or press ? or * to list all spells.
Aiming: Magic Dart (safe; 16% risk of failure)
Press: ? - help, Shift-Dir - straight line, f - jelly
Aim: a jelly (heavily wounded, ally target, 100% to hit)
You miscast Magic Dart.
You are very lightly contaminated with residual magic.
Nothing appears to happen.
The jelly hits you.
You are splashed with acid!
Casting: Magic Dart (safe; 16% risk of failure)
Confirm with . or Enter, or press ? or * to list all spells.
Aiming: Magic Dart (safe; 16% risk of failure)
Press: ? - help, Shift-Dir - straight line, f/p - jelly
Aim: a jelly (heavily wounded, ally target, 100% to hit)
The magic dart hits the jelly.
The jelly is severely wounded.
The jelly barely misses you.
Your crimson imp hits the jelly.
Your crimson imp is burned by acid!
You hit the jelly but do no damage.
Your hands burn!
* * * LOW HITPOINT WARNING * * *
The jelly is severely wounded.
The jelly hits you but does no damage.
Your crimson imp blinks!
You hit the jelly but do no damage.
Your hands burn!
* * * LOW HITPOINT WARNING * * *
The jelly is severely wounded.
The jelly hits you.
* * * LOW HITPOINT WARNING * * *
You are splashed with acid!
You die...

#.##.......#
#####..#.......#
.[.....#.......#
...............#
.......J.....###
.........###.#
######..# .#
#....# #
.#####..#.#
.......)###
.......J@#
.......###
######. #. #. #.
#. #.


You could see a jelly.

Vanquished Creatures
  An adder (D:3)
  A gnoll (D:2)
  2 worms
  A dart slug (D:3)
  6 bats
  5 endoplasms
  2 giant cockroaches (D:1)
  4 goblins
  7 hobgoblins
  3 jackals (D:3)
  6 kobolds
  2 quokkas
  7 ball pythons
  3 frilled lizards
  5 rats
55 creatures vanquished.

Vanquished Creatures (collateral kills)
  3 gnolls
  3 adders
  A bat (D:2)
  A giant cockroach (D:2)
  A jackal (D:3)
  A ball python (D:3)
  A frilled lizard (D:3)
11 creatures vanquished.

Grand Total: 66 creatures vanquished

Notes
Turn   | Place    | Note
-------+----------+-------------------------------------------
     0 | D:1      | Gather the Mummy Hedge Wizard began the quest for the Orb.
     0 | D:1      | Reached XP level 1. HP: 13/13 MP: 5/5
   267 | D:1      | Reached skill level 1 in Fighting
   352 | D:1      | Reached XP level 2. HP: 12/21 MP: 1/7
   355 | D:1      | Learned a level 2 spell: Call Imp
   541 | D:1      | Reached skill level 1 in Summonings
  1467 | D:1      | Gained mutation: You are in touch with the powers of death.
                  | [Mummy growth]
  1467 | D:1      | Reached XP level 3. HP: 13/26 MP: 0/8
  2361 | D:2      | Reached XP level 4. HP: 32/32 MP: 5/10
  2573 | D:2      | Learned a level 2 spell: Blink
  3806 | D:3      | Reached skill level 1 in Armour
  3848 | D:3      | Reached XP level 5. HP: 31/38 MP: 8/11
  4075 | D:4      | Noticed Pikel
  4075 | D:4      | Noticed a lemure
  4075 | D:4      | Noticed a lemure
  4075 | D:4      | Noticed a lemure
  4075 | D:4      | Noticed a lemure
  4476 | D:4      | Splashed by a jelly's acid

Illustrated notes

Levels and vault maps discovered:
D:1:      minmay_arrival_nine_rooms, layout_basic
D:2:      layout_loops_ring, minmay_hexomino_u4
D:3:      layout_rooms
D:4:      layout_basic, gammafunk_ghost_split, st_stairs_2,
          minmay_misc_feat_encased, uniq_pikel

Skill      XL: |  1  2  3  4 |
---------------+-------------+-----
Fighting       | 1 2 |  2.2
Summonings     | 2 |  2.7
Armour         | 1 |  1.0
Polearms       | |  0.5
Dodging        | |  1.5
Stealth        | |  1.5
Spellcasting   | |  4.5
Conjurations   | |  0.7
Translocations | |  0.7

Action                   |  1- 3 |  4- 6 || total
-------------------------+-------+-------++-------
Melee: Dagger            |    28 |    12 ||    40
       Whip              |     7 |       ||     7
       Club              |     1 |       ||     1
       Spear             |       |    80 ||    80
       Punch             |       |     1 ||     1
Throw: Stone             |       |     1 ||     1
 Cast: Magic Dart        |    68 |    57 ||   125
       Call Imp          |     6 |    13 ||    19
       Blink             |       |     2 ||     2
 Stab: Distracted        |     1 |     1 ||     2
       Sleeping          |     1 |       ||     1
Armor: Robe              |     8 |       ||     8
       Leather armour    |    18 |    36 ||    54
Dodge: Dodged            |    54 |    74 ||   128

Table legend: (Time is in decaauts)
 A = Elapsed time spent in this place.
 B = Non-inter-level travel time spent in this place.
 C = Inter-level travel time spent in this place.
 D = Time resting spent in this place.
 E = Time spent auto-exploring this place.
 F = Levels seen in this place.
 G = Mean time per level.
                   A        B        C        D        E       F      G
               +--------+--------+--------+--------+--------+-----+--------+
         Total |   4488 |   4255 |    233 |    720 |   2811 |   4 | 1122.0 |
       Dungeon |   4488 |   4255 |    233 |    720 |   2811 |   4 | 1122.0 |
               +--------+--------+--------+--------+--------+-----+--------+

Top non-repeatable levels by time:
     D:1: 2179 daAuts
     D:2: 1500 daAuts
     D:3: 767 daAuts
     D:4: 40 daAuts
